 Dungeon Crawl Stone Soup version 0.22-a0-247-gbddf880 (webtiles) character file.

1351 Serpenta the Covert (level 8, 0/46 HPs)
             Began as an Octopode Ice Elementalist on Feb 25, 2018.
             Was a Follower of Dithmenos.
             Slain by a wyvern zombie (11 damage)
             ... on level 7 of the Dungeon.
             The game lasted 00:18:11 (6672 turns).

Serpenta the Covert (Octopode Ice Elementalist)     Turns: 6672, Time: 00:18:12

Health: 0/46       AC:  7    Str:  8    XL:     8   Next: 63%
Magic:  13/20      EV: 14    Int: 20    God:    Dithmenos [*.....]
Gold:   305        SH:  0    Dex: 14    Spells: 5/11 levels left

rFire    + . .     SeeInvis .   i - +1 short sword
rCold    . . .     Gourm    .   (no shield)
rNeg     . . .     Faith    .   (helmet restricted)
rPois    .         Spirit   .   (no amulet)
rElec    .         Reflect  .   m - ring of magical power
rCorr    .         Harm     .   o - +3 ring of intelligence
MR       .....                  s - ring of protection from fire
Stlth    ++++++....             (no ring)
HPRegen  0.15/turn              (no ring)
MPRegen  0.17/turn              (no ring)
                                (no ring)
                                (no ring)

@: icy armour, very slightly contaminated, wreathed by umbra, slow
A: almost no armour, stealthy swim, amphibious, 8 rings, constrict 8, camouflage
1, gelatinous body 1
a: Renounce Religion


You were on level 7 of the Dungeon.
You worshipped Dithmenos.
Dithmenos was aware of your devotion.
You were hungry.

You visited 2 branches of the dungeon, and saw 8 of its levels.

You collected 305 gold pieces.


Innate Abilities, Weirdness & Mutations

You cannot wear most types of armour.
You are very stealthy in the water. (Stealth+)
You are amphibious.
You can wear up to eight rings at the same time.
You can use your tentacles to constrict eight enemies at once.
Your skin changes colour to match your surroundings (Stealth+).
Your rubbery body absorbs attacks. (AC +1, EV +1)


   Skills:
 + Level 3.4 Short Blades
 - Level 3.5 Dodging
 + Level 9.7 Stealth
 - Level 2.0 Spellcasting
 - Level 1.0 Conjurations
 - Level 7.0 Ice Magic


You had 5 spell levels left.
You knew the following spells:

 Your Spells              Type           Power        Failure   Level  Hunger
o - Ozocubu's Armour      Chrm/Ice       ###.....     11%         3    ###....
A - Freeze                Ice            ####         1%          1    #......
B - Throw Frost           Conj/Ice       ###...       4%          2    ##.....

Action                   |  1- 3 |  4- 6 |  7- 9 || total
-------------------------+-------+-------+-------++-------
Melee: Unarmed           |     9 |       |       ||     9
       Constrict         |     2 |    12 |     7 ||    21
       Tentacles         |     2 |     8 |     8 ||    18
       Short sword       |     3 |    49 |    56 ||   108
 Cast: Freeze            |    45 |    57 |    51 ||   153
       Throw Frost       |       |    15 |    12 ||    27
       Ozocubu's Armour  |       |     5 |     7 ||    12
  Use: Scroll            |       |     8 |     3 ||    11
 Stab: Sleeping          |     3 |     8 |    16 ||    27
       Distracted        |       |     1 |       ||     1
  Eat: Chunk             |     1 |     9 |     6 ||    16
       Ration            |       |     1 |     1 ||     2
Armor: Skin              |     4 |     5 |     8 ||    17
Dodge: Dodged            |    25 |    55 |    70 ||   150

Inventory:

Hand Weapons
 i - a +1 short sword (weapon)
Jewellery
 m - a ring of magical power (left tentacle)
 o - a +3 ring of intelligence (right tentacle)
 s - a ring of protection from fire (on tentacle)
Scrolls
 b - 7 scrolls of teleportation
 c - a scroll of fog {unknown}
 d - 7 scrolls of remove curse
 e - 2 scrolls of fear
 g - a scroll of amnesia {unknown}
 h - a scroll of random uselessness {unknown}
 j - 5 scrolls of identify
 l - 3 scrolls of enchant weapon
 r - a scroll of vulnerability {unknown}
 t - a scroll of noise {unknown}
Potions
 f - 6 potions of ambrosia
 k - 2 potions of flight
 n - a potion of agility
 p - a potion of heal wounds
 q - a potion of magic
Comestibles
 a - 15 rations

#..........#.#########.####.
#.#####.###................)
####.##
##.###..#.###.###......
##.#...###.#.##..#.# #.#
#####.. #....#....###......#
#.# #....
##.#...###...##..### #.#
#._.. #.##............# #.#
#.... #[#######...##.## #.#
#...# #.# ##.###@# #.# ###.#
#.# #.# #)Z......# #.# #.#
#.# ######### #.# #.# ##.##
#.# #.#######...# #.#
#...........# #..
#########...# #####


You could see a wyvern zombie.

Vanquished Creatures
  An orc warrior (D:7)
  An ogre (D:5)
  A centaur (D:5)
  3 bullfrogs
  A scorpion (D:6)
  2 crimson imps
  A centaur zombie (D:6)
  3 hounds
  A bullfrog skeleton (D:4)
  A bullfrog zombie (D:7)
  2 jellies
  2 orc priests (D:3)
  2 centaur skeletons
  3 iguanas
  5 worker ants
  2 hound skeletons
  8 adders
  2 shadow imps
  3 oozes
  A worm (D:3)
  4 dart slugs
  3 leopard geckos
  9 orcs
  6 giant cockroaches
  5 goblins
  8 hobgoblins
  10 jackals
  3 kobolds
  4 quokkas
  8 bats
  8 frilled lizards
  A leopard gecko zombie (D:5)
  7 rats
121 creatures vanquished.

Vault maps used:
D:1:      dpeg_arrival_shelter, st_stairs_4, minmay_misc_feat_secret_circle
D:2:      first_ration
D:3:      serial_glass, glass_columns_b, glass_columns_a, glass_columns_a,
          glass_columns_a, glass_columns_c, glass_columns_c, glass_columns_b,
          glass_columns_c, glass_columns_b, glass_columns_b, glass_columns_b,
          glass_columns_a, glass_columns_c, glass_columns_b
D:4:      temple_statues
D:6:      cheibrodos_iron_armory, tso_metal_star, uniq_duvessa,
          uniq_prince_ribbit1
D:7:      nicolae_gozag_seed_capital
Temple:   minmay_crystal_snake_temple


Message History

Okay, then.
You hit the wyvern zombie but do no damage.
You squeeze the wyvern zombie!
The wyvern zombie is severely damaged.
The wyvern zombie closely misses you. The wyvern zombie bites you.
* * * LOW HITPOINT WARNING * * *
You hit the wyvern zombie. Your squeeze misses the wyvern zombie.
The wyvern zombie is severely damaged.
The wyvern zombie closely misses you.
You hit the wyvern zombie.
The wyvern zombie is severely damaged.
The wyvern zombie barely misses you.
You hit the wyvern zombie but do no damage.
You squeeze the wyvern zombie.
The wyvern zombie is almost destroyed.
The wyvern zombie barely misses you. The wyvern zombie misses you.
You hit the wyvern zombie but do no damage.
The wyvern zombie is almost destroyed.
The wyvern zombie bites you!
You die...

Notes
Turn   | Place    | Note
-------+----------+-------------------------------------------
     0 | D:1      | Serpenta the Octopode Ice Elementalist began the quest for the Orb.
     0 | D:1      | Reached XP level 1. HP: 11/11 MP: 3/3
   176 | D:1      | Reached skill level 3 in Stealth
   251 | D:1      | Reached XP level 2. HP: 17/17 MP: 3/5
   665 | D:1      | Reached XP level 3. HP: 21/21 MP: 3/6
   986 | D:2      | Reached skill level 4 in Stealth
  1057 | D:2      | Learned a level 2 spell: Throw Frost
  1146 | D:2      | Reached XP level 4. HP: 23/27 MP: 5/7
  1159 | D:2      | Learned a level 3 spell: Ozocubu's Armour
  1798 | D:3      | Reached skill level 5 in Stealth
  1798 | D:3      | Reached XP level 5. HP: 31/31 MP: 4/8
  2382 | D:3      | Noticed Anon1729's ghost (amateur GnSk)
  2489 | D:4      | Reached XP level 6. HP: 33/36 MP: 6/9
  2719 | D:4      | Reached skill level 6 in Stealth
  2769 | D:4      | Found a staircase to the Ecumenical Temple.
  2778 | Temple   | Entered the Ecumenical Temple
  2868 | Temple   | Became a worshipper of Dithmenos the Shadowed
  3556 | D:5      | Entered Level 5 of the Dungeon
  3773 | D:5      | Reached skill level 5 in Ice Magic
  4209 | D:5      | Noticed an ice beast
  4324 | D:5      | Reached XP level 7. HP: 41/41 MP: 10/10
  4447 | D:5      | Reached skill level 7 in Stealth
  4758 | D:6      | Noticed Prince Ribbit
  4876 | D:6      | Found a glowing golden altar of the Shining One.
  4889 | D:6      | Noticed Duvessa
  4889 | D:6      | Noticed Dowan
  5057 | D:6      | Reached * piety under Dithmenos
  5378 | D:6      | Reached skill level 8 in Stealth
  5378 | D:6      | Reached XP level 8. HP: 46/46 MP: 11/11
  5891 | D:7      | Reached skill level 1 in Short Blades
  5968 | D:6      | Noticed a rust devil
  5968 | D:6      | Noticed a rust devil
  5990 | D:7      | Noticed a hippogriff
  6089 | D:7      | Reached skill level 9 in Stealth
  6308 | D:7      | Found an opulent altar of Gozag.
  6672 | D:7      | Slain by a wyvern zombie
